Map: Lock & Load

Players

Alebay

  • Race: Protoss Protoss
  • Spawn Location: 6:00

MattBarry

  • Race: Protoss Protoss
  • Spawn Location: 7:00

VOD

Have the link to the VOD?

Description

Time

  • Played on: Jan. 4, 2023, 1:53 a.m.
  • Length: 28:39
Show
View Real Time Build Order
Export as new Build Order

Alebay Protoss 

Build Orders:  

Get SALT Encoding   

  12  0:00  Probe (Chrono Boost)  
  13  0:12  Probe (Chrono Boost)  
  14  0:26  Pylon  
  14  0:28  Probe (Chrono Boost)  
  15  0:48  Probe (Chrono Boost)  
  15  0:51  Assimilator  
  16  1:00  Probe (Chrono Boost)  
  16  1:07  Gateway  
  17  1:12  Probe (Chrono Boost)  
  18  1:24  Probe (Chrono Boost)  
  18  1:29  Pylon  
  19  1:36  Probe (Chrono Boost)  
  20  1:49  Probe (Chrono Boost)  
  20  1:53  Forge  
  21  2:01  Probe (Chrono Boost)  
  22  2:18  Probe (Chrono Boost)  
  22  2:24  Cybernetics Core  
  22  2:26  Legionnaire  
  23  2:31  Probe (Chrono Boost)  
  23  2:36  Kaldalis' A.I. Personality  
  27  2:47  Probe (Chrono Boost)  
  28  2:52  Assimilator  
  28  2:53  Protoss Ground Weapons Level 1  
  28  3:02  Probe (Chrono Boost)  
  28  3:07  Pylon  
  29  3:19  Probe (Chrono Boost)  
  30  3:29  Pylon  
  30  3:34  Probe (Chrono Boost)  
  30  3:35  Legionnaire  
  34  4:04  Pylon  
  34  4:10  Legionnaire  
  34  4:14  Twilight Council  
  31  5:10  Legionnaire  
  31  5:12  Protoss Ground Armor Level 1  
  31  5:15  Warp Gate  
  34  5:31  Legionnaire  
  37  5:59  Nexus  
  37  6:09  Pylon  
  40  6:13  Pylon  
  40  6:35  Legionnaire  
  43  7:06  Probe (Chrono Boost)  
  43  7:09  Charge  
  44  7:20  Probe (Chrono Boost)  
  44  7:28  Stargate  
  45  7:31  Stargate  
  45  7:42  Gateway  
  45  7:44  Gateway  
  45  7:52  Probe (Chrono Boost)  
  45  7:54  Probe (Chrono Boost)  
  47  8:01  Assimilator  
  47  8:02  Psionic Projection  
  47  8:04  Probe (Chrono Boost)  
  47  8:09  Probe (Chrono Boost)  
  49  8:14  Legionnaire  
  52  8:31  Photon Cannon  
  52  8:34  Photon Cannon  
  46  8:47  Probe (Chrono Boost)  
  46  8:49  Probe (Chrono Boost)  
  48  8:54  Empowered Blades  
  48  8:56  Assimilator  
  48  8:59  Probe (Chrono Boost)  
  48  9:04  Probe (Chrono Boost)  
  48  9:06  Fleet Beacon  
  50  9:14  Legionnaire  
  53  9:22  Probe (Chrono Boost)  
  53  9:25  Probe (Chrono Boost)  
  55  9:32  Carrier  
  55  9:34  Carrier, Probe (Chrono Boost)  
  57  9:40  Probe (Chrono Boost)  
  57  9:45  Pylon  
  57  9:47  Probe (Chrono Boost)  
  58  9:51  Pylon  
  58  9:54  Probe (Chrono Boost)  
  71  10:38  Legionnaire  
  62  10:43  Legionnaire x2  
  68  10:55  Gateway  
  68  10:56  Probe (Chrono Boost)  
  68  10:57  Gateway  
  68  10:58  Probe (Chrono Boost)  
  70  11:08  Probe (Chrono Boost)  
  70  11:13  Probe (Chrono Boost)  
  72  11:20  Probe (Chrono Boost)  
  72  11:24  Adept  
  72  11:28  Probe (Chrono Boost)  
  76  11:31  Adept x2  
  76  11:32  Probe (Chrono Boost)  
  81  11:54  Graviton Catapult  
  81  11:57  Carrier  
  81  11:58  Carrier  
  81  12:10  Protoss Ground Weapons Level 2  
  81  12:16  Protoss Air Weapons Level 1  
  87  13:10  Adept  
  87  13:18  Legionnaire x4  
  101  13:36  Pylon  
  101  13:38  Pylon  
  101  13:41  Pylon  
  101  13:42  Carrier  
  101  13:43  Pylon  
  101  13:45  Pylon  
  92  14:13  Legionnaire x4  
  92  14:14  Legionnaire  
  92  14:16  Protoss Air Armor Level 1  
  101  14:35  Protoss Ground Armor Level 2  
  99  14:53  Legionnaire  
  102  15:06  Legionnaire x3  
  102  15:07  Legionnaire  
  111  15:12  Carrier  
  111  15:13  Carrier  
  111  15:39  Robotics Facility  
  123  16:18  Pylon  
  123  16:20  Pylon  
  123  16:23  Pylon  
  123  16:25  Pylon  
  123  16:27  Pylon  
  123  16:29  Pylon  
  123  16:31  Protoss Air Weapons Level 2  
  123  16:42  Observer  
  124  16:54  Legionnaire x4  
  124  16:55  Legionnaire  
  124  16:56  Protoss Ground Weapons Level 3  
  139  17:08  Pylon  
  139  17:09  Pylon  
  139  17:29  Adept  
  141  17:34  Adept x4  
  149  17:59  Adept  
  151  18:00  Adept x4  
  151  18:04  Carrier x2  
  159  18:29  Adept x3  
  168  18:30  Adept  
  168  18:31  Legionnaire  
  134  19:13  Legionnaire x2  
  134  19:14  Legionnaire x3  
  149  19:43  Legionnaire x2  
  149  19:44  Legionnaire x3  
  164  19:58  Carrier x2  
  176  20:22  Legionnaire x2  
  182  21:10  Legionnaire  
  182  21:11  Legionnaire x4  
  190  22:53  Adept x4  
  190  22:54  Adept  
  160  23:42  Carrier x2  
  158  23:53  Protoss Ground Armor Level 3  
  158  23:55  Protoss Air Weapons Level 3  
  165  24:03  Adept x3  
  165  24:04  Adept x2  
  150  24:51  Observer  
  143  25:12  Legionnaire x4  
  143  25:13  Legionnaire  
  143  25:17  Observer  
  154  25:26  Carrier x2  
  167  26:16  Legionnaire x2  
  167  26:17  Legionnaire x3  
  181  26:43  Legionnaire x3  
  181  26:44  Legionnaire x2  
Show
View Real Time Build Order
Export as new Build Order

MattBarry Protoss 

Build Orders:  

Get SALT Encoding   

  12  0:01  Probe (Chrono Boost)  
  13  0:24  Pylon, Probe (Chrono Boost)  
  14  0:36  Probe (Chrono Boost)  
  15  0:48  Probe (Chrono Boost)  
  15  0:56  Assimilator  
  16  1:09  Gateway  
  16  1:16  Probe (Chrono Boost)  
  16  1:18  Assimilator  
  17  1:28  Probe (Chrono Boost)  
  18  1:40  Probe (Chrono Boost)  
  19  1:52  Pylon, Probe (Chrono Boost)  
  20  2:06  Probe (Chrono Boost)  
  21  2:11  Forge  
  21  2:18  Probe (Chrono Boost)  
  21  2:26  Cybernetics Core  
  22  2:30  Probe (Chrono Boost)  
  23  2:42  Probe (Chrono Boost)  
  24  2:54  Probe (Chrono Boost)  
  25  3:07  Probe (Chrono Boost)  
  26  3:19  Probe (Chrono Boost)  
  27  3:31  Probe (Chrono Boost)  
  28  3:46  Warp Gate  
  28  3:52  Pylon  
  28  3:59  Probe (Chrono Boost)  
  28  4:00  Solar Efficiency Level 1  
  28  4:07  Pylon  
  29  4:11  Pylon, Probe (Chrono Boost)  
  30  4:20  Shield Battery  
  30  4:36  Stargate  
  30  4:42  Twilight Council  
  30  4:51  Khaydarin Monolith  
  30  4:56  Probe (Chrono Boost)  
  31  5:08  Probe (Chrono Boost)  
  32  5:28  Photon Cannon  
  32  5:31  Shield Battery  
  32  5:39  Gateway  
  32  6:17  Pylon  
  32  6:37  Nexus  
  32  6:42  Assimilator  
  32  6:48  Assimilator  
  32  6:53  Pylon  
  32  6:56  Pylon  
  32  7:19  Sentinel  
  34  8:07  Gateway  
  34  8:12  Gateway  
  34  8:13  Gateway  
  34  8:21  Fleet Beacon  
  34  8:22  Protoss Air Weapons Level 1  
  34  8:26  Stargate  
  34  8:30  Stargate  
  34  8:43  Sentinel  
  36  8:50  Solar Efficiency Level 2  
  36  8:52  Gateway  
  36  8:53  Protoss Ground Weapons Level 1  
  36  8:55  Gateway  
  36  9:00  Charge  
  36  9:40  Carrier, Sentinel  
  36  9:42  Sentinel  
  40  10:26  Probe (Chrono Boost)  
  40  10:29  Probe (Chrono Boost)  
  47  10:32  Probe (Chrono Boost)  
  47  10:35  Probe (Chrono Boost)  
  47  10:38  Probe (Chrono Boost)  
  48  10:44  Probe (Chrono Boost)  
  48  10:49  Carrier  
  51  10:56  Probe (Chrono Boost)  
  59  11:17  Probe (Chrono Boost)  
  60  11:25  Pylon  
  60  11:32  Probe (Chrono Boost)  
  60  11:33  Sentinel  
  63  11:46  Probe (Chrono Boost)  
  62  11:50  Carrier  
  68  12:32  Protoss Air Weapons Level 2  
  68  12:39  Probe (Chrono Boost)  
  69  12:46  Probe (Chrono Boost)  
  70  12:53  Probe (Chrono Boost)  
  70  12:54  Carrier  
  71  13:01  Probe (Chrono Boost)  
  71  13:08  Probe (Chrono Boost)  
  73  13:16  Probe (Chrono Boost)  
  80  13:23  Probe (Chrono Boost)  
  81  13:30  Probe (Chrono Boost)  
  81  13:38  Robotics Facility, Probe (Chrono Boost)  
  83  13:45  Probe (Chrono Boost)  
  84  14:04  Carrier  
  84  14:12  Robotics Facility  
  82  14:48  Observer  
  87  15:07  Carrier  
  85  15:15  Observer  
  85  15:17  Carrier  
  84  15:38  Probe (Chrono Boost)  
  85  15:46  Probe (Chrono Boost)  
  91  15:53  Probe (Chrono Boost)  
  99  17:02  Carrier  
  99  17:07  Khaydarin Monolith  
  99  17:12  Pylon  
  99  17:38  Sentinel x2  
  108  18:19  Carrier  
  108  18:26  Pylon  
  108  18:29  Khaydarin Monolith, Pylon  
  103  18:31  Pylon  
  103  18:34  Pylon  
  103  18:35  Carrier  
  102  19:05  Carrier  
  114  19:30  Shield Battery  
  114  19:35  Khaydarin Monolith  
  114  20:02  Carrier  
  120  20:27  Pylon  
  120  20:30  Pylon  
  126  21:37  Khaydarin Monolith  
  126  21:41  Khaydarin Monolith  
  126  21:47  Carrier, Shield Battery  
  126  21:58  Pylon  
  126  22:05  Pylon  
  126  22:06  Carrier  
  126  22:08  Pylon  
  126  22:14  Pylon  
  138  23:16  Pylon x2, Carrier x2  
  132  23:20  Pylon  
  132  23:21  Pylon  
  144  24:19  Khaydarin Monolith  
  144  24:23  Khaydarin Monolith  
  144  24:25  Shield Battery  
  144  24:29  Shield Battery  
  144  24:30  Shield Battery  
  144  24:35  Khaydarin Monolith  
  144  25:06  Pylon  
  144  25:11  Pylon  
  144  25:15  Pylon  
  144  25:19  Pylon  
  144  25:24  Pylon  
  144  25:51  Pylon  
  144  25:53  Pylon  
  144  25:55  Pylon  
  144  25:59  Pylon  
  144  26:00  Pylon  
  143  27:00  Khaydarin Monolith  
  143  27:03  Khaydarin Monolith  
  143  27:08  Khaydarin Monolith  
  143  27:10  Shield Battery  
  143  27:12  Khaydarin Monolith  
  143  27:16  Khaydarin Monolith  
  143  27:18  Shield Battery  
  143  27:23  Shield Battery  
  143  27:28  Shield Battery  
Tags
 
Commander
FenixKarax
Matchup
Co-op
Replay Pack
Multiplayer
Add a new tag
Caveats
  • Supply blocks, unpowered buildings, or Contaminate may cause inaccurate times.
  • Supply counts are checked every 10 seconds.